AoeStats
← ecerva.27

Oasis

509200600Analyzed
2v2 RM · 7d ago on Sep 25, 2026· 50m 48s· 4 players
Game mode
Random Map
Map size
Medium (4 player)
Population
200
Speed
Normal
Resources
Standard
Victory
Conquest
Starting age
Dark Age
Ending age
Imperial Age
RankedLock teamsTeams togetherTeam positionsShared explorationLock speedFull tech treeHidden civsTurbo modeCheats
Victory
Defeat
🇨🇴 Aztecs · Colombia
1275
+11
🇲🇽 Bengalis · Mexico
1242
+12
🇦🇷 Franks · Argentina
1228
-14
🇦🇷 Khmer · Argentina
1095
-9
ecerva.27
5:53 Loom
9:09 Feudal Age
10:43 Double-Bit Axe
16:02 Forging
16:36 Forging
16:16 Fletching
20:44 Horse Collar
24:15 Castle Age
23:53 Wheelbarrow
24:46 Pikeman
25:27 Squires
26:04 Bow Saw
25:26 Crossbowman
30:07 Hand Cart
31:27 Gold Mining
32:13 Heavy Plow
34:16 Ballistics
34:17 Light Cavalry
35:08 Bloodlines
34:58 Husbandry
35:19 Forging
35:15 Scale Barding Armor
38:04 Imperial Age
40:27 Chain Barding Armor
40:43 Iron Casting
40:59 Crop Rotation
41:46 Plate Barding Armor
41:50 Elite Battle Elephant
43:38 Conscription
44:26 Blast Furnace
44:40 Paiks
46:53 Gold Shaft Mining
jairogut
4:26 Loom
10:38 Feudal Age
13:21 Forging
13:12 Scale Mail Armor
13:33 Double-Bit Axe
15:58 Arson
20:12 Wheelbarrow
23:30 Castle Age
23:39 Eagle Warrior
25:45 Pikeman
28:56 Squires
29:37 Horse Collar
31:51 Sanctity
33:37 Hand Cart
34:16 Chain Mail Armor
39:28 Imperial Age
37:01 Man-at-Arms
37:41 Crossbowman
38:34 Fletching
38:53 Padded Archer Armor
40:16 Bodkin Arrow
43:06 Long Swordsman
46:27 Town Watch
46:57 Bow Saw
46:38 Two-Handed Swordsman
48:12 Iron Casting
48:14 Bracer
49:45 Champion
Ragnar.Guerrero
6:36 Loom
9:05 Feudal Age
10:10 Double-Bit Axe
16:19 Forging
17:26 Scale Barding Armor
18:18 Wheelbarrow
21:10 Castle Age
19:32 Gold Mining
23:17 Bow Saw
25:30 Chain Barding Armor
25:57 Husbandry
26:37 Iron Casting
31:47 Scale Mail Armor
36:26 Squires
39:10 Imperial Age
36:56 Hand Cart
36:27 Town Watch
37:12 Town Patrol
38:37 Ordonnance Companies
40:42 Conscription
40:46 Chain Mail Armor
41:33 Blast Furnace
41:47 Arson
42:35 Plate Mail Armor
43:52 Pikeman
44:40 Halberdier
48:14 Elite Throwing Axeman
MESSIAS
5:58 Loom
10:49 Feudal Age
11:43 Double-Bit Axe
16:13 Wheelbarrow
21:17 Castle Age
25:13 Bow Saw
26:54 Fletching
30:44 Ballistics
31:32 Gold Mining
31:33 Horse Collar
32:22 Bodkin Arrow
34:02 Heavy Plow
35:08 Hand Cart
34:41 Town Watch
37:45 Town Patrol
38:26 Gold Shaft Mining
37:48 Stone Mining
39:09 Stone Shaft Mining
40:12 Fervor
40:24 Masonry
40:26 Fortified Wall
39:56 Pikeman
42:24 Forging
43:57 Iron Casting
43:24 Scale Mail Armor
51:04 Tusk Swords
Connection lost

Rejoining the realm…

Still unreachable

The connection could not be restored.

Session expired

The server has moved on; the page needs a fresh start.